 Dungeon Crawl Stone Soup version 0.28.0-53-g5a82cb258f (webtiles) character file.

Game seed: 4010027800727859262

33641 LustLizard the Blocker (level 13, -4/89 HPs)
             Began as a Gnoll Wanderer on Aug 10, 2022.
             Was a Priest of Hepliaklqana.
             Killed from afar by a red draconian (12 damage)
             ... with a searing blast
             ... in a volcano.
             The game lasted 01:09:35 (23852 turns).

LustLizard the Blocker (Gnoll Wanderer)            Turns: 23852, Time: 01:09:36

Health: -4/89      AC: 16    Str: 12    XL:     13   Next: 72%
Magic:  17/26      EV: 15    Int: 17    God:    Hepliaklqana [***...]
Gold:   598        SH:  9    Dex: 20    Spells: 18/30 levels left

rFire   + . .      SeeInvis .   D - +6 short sword of Death {pain, Drain rPois Will+ Dex+4}
rCold   x . .      Faith    .   i - +2 buckler
rNeg    . . .      Spirit   .   O - +2 swamp dragon scales
rPois   +          Reflect  .   T - +2 hat of Intuition {Int+5}
rElec   .          Harm     .   U - +0 cloak
rCorr   .          Rampage  .   X - +0 pair of gloves
Will    +....                   (no boots)
Stlth   ++++......              (no amulet)
HPRegen 0.24/turn               Q - ring of fire
MPRegen 0.20/turn               (no ring)

@: no status effects
A: reduced essence, fangs 1, strong nose, distributed training
a: Renounce Religion, Recall Ancestor, Ancestor Identity, Transference


You were in a volcano.
You worshipped Hepliaklqana.
Hepliaklqana was most pleased with you.
You visited 3 branches of the dungeon, and saw 15 of its levels.
You also visited: Sewer and Volcano.

You collected 868 gold pieces.
You spent 270 gold pieces at shops.

Inventory:

Hand Weapons
 a - a +0 long sword
 D - the +6 short sword of Death (weapon) {pain, Drain rPois Will+ Dex+4}
   (You found it on level 4 of the Dungeon)

   In the hands of one skilled in necromantic magic, it inflicts extra damage on
   living creatures.
   Dex:       It affects your dexterity (+4).
   rPois:     It protects you from poison.
   Drain:     It drains your maximum health when unequipped.
   Will:      It increases your willpower.
Missiles
 m - 29 poisoned darts
 K - 6 boomerangs
 L - 2 curare-tipped darts
Armour
 b - a +0 buckler
 c - a +0 robe
 i - a +2 buckler (worn)
 j - a +1 helmet
 l - a +0 ring mail
 C - a +0 troll leather armour {Pargi}
 E - a scarf of shadows
 M - +0 acid dragon scales
 O - +2 swamp dragon scales (worn)
 S - a +2 helmet
 T - the +2 hat of Intuition (worn) {Int+5}
   (You found it on level 2 of the Lair of Beasts)

   Int:       It affects your intelligence (+5).
 U - a +0 cloak (worn)
 X - a +0 pair of gloves (worn)
Magical Staves
 p - a staff of air
Jewellery
 Q - a ring of fire (left hand)
Wands
 H - a wand of mindburst (16)
 J - a wand of polymorph (11)
 R - a wand of digging (2)
 Y - a wand of iceblast (2)
Scrolls
 f - 5 scrolls of enchant armour
 g - 2 scrolls of immolation
 h - a scroll of blinking
 k - 4 scrolls of vulnerability
 s - a scroll of brand weapon
 t - 4 scrolls of torment
 u - 2 scrolls of noise
 v - 4 scrolls of enchant weapon
 x - a scroll of silence
 y - 4 scrolls of fear
 B - a scroll of magic mapping
 F - 4 scrolls of teleportation
 P - 3 scrolls of holy word
 W - a scroll of fog {unknown}
Potions
 d - 2 potions of berserk rage
 e - 2 potions of magic
 n - 2 potions of flight
 o - 5 potions of curing
 q - a potion of ambrosia {unknown}
 r - 2 potions of might
 w - 2 potions of lignification
 z - a potion of invisibility
 A - 2 potions of brilliance
 G - 2 potions of cancellation
 I - a potion of resistance {unknown}
 N - a potion of degeneration {unknown}
 V - a potion of heal wounds


   Skills:
 + Level 8.5 Fighting
 + Level 8.5 Short Blades
 + Level 10.8 Long Blades
 + Level 8.5 Axes
 + Level 8.5 Maces & Flails
 + Level 8.5 Polearms
 + Level 8.5 Staves
 + Level 8.5 Slings
 + Level 8.5 Bows
 + Level 8.5 Crossbows
 + Level 8.5 Throwing
 + Level 8.5 Armour
 + Level 8.5 Dodging
 + Level 8.5 Stealth
 + Level 10.8 Shields
 + Level 8.5 Unarmed Combat
 + Level 9.0 Spellcasting
 + Level 7.5 Conjurations
 + Level 7.1 Hexes
 + Level 7.1 Summonings
 + Level 7.1 Necromancy
 + Level 7.1 Translocations
 + Level 7.1 Transmutations
 + Level 7.1 Fire Magic
 + Level 7.1 Ice Magic
 + Level 7.1 Air Magic
 + Level 7.1 Earth Magic
 + Level 7.1 Poison Magic
 + Level 9.3 Invocations
 + Level 9.7 Evocations


You had 18 spell levels left.
You knew the following spells:

 Your Spells              Type           Power      Damage    Failure   Level
a - Foxfire               Conj/Fire      100%       2x1d9     1%          1
b - Summon Lightning Spi  Summ/Air       31%        N/A       12%         4
c - Searing Ray           Conj           66%        2d6       1%          2
d - Blink                 Tloc           62%        N/A       1%          2
e - Frozen Ramparts       Ice            62%        1d8       3%          3

Your spell library contained the following spells:

 Spells                   Type           Power      Damage    Failure   Level
 Animate Skeleton         Necr           62%        N/A       1%          1
 Apportation              Tloc           62%        N/A       1%          1
 Freeze                   Ice            100%       1d11      1%          1
 Magic Dart               Conj           100%       1d8       1%          1
 Summon Small Mammal      Summ           100%       N/A       1%          1
 Dazzling Flash           Conj/Hex       64%        N/A       3%          3
 Lesser Beckoning         Tloc           31%        N/A       3%          3
 Ozocubu's Armour         Ice            31%        N/A       3%          3
 Fulminant Prism          Conj/Hex       16%        3d11      11%         4
 Hailstorm                Conj/Ice       32%        3d8       11%         4
 Iskenderun's Mystic Bla  Conj/Tloc      32%        2d8       11%         4
 Airstrike                Air            15%        N/A       12%         4
 Lightning Bolt           Conj/Air       16%        1d30      30%         5
 Manifold Assault         Tloc           31%        N/A       32%         5
 Metabolic Englaciation   Hex/Ice        15%        N/A       32%         5
 Starburst                Conj/Fire      24%        6d8       86%         6
 Simulacrum               Ice/Necr       15%        N/A       88%         6


Dungeon Overview and Level Annotations

Branches:
Dungeon (10/15)            Temple (1/1) D:7            Lair (4/6) D:9
  Snake (0/4) Lair:2          Orc (0/2) D:10          Sewer (visited)
Volcano (1/1)
  Swamp: Lair:2-4    Shoals: Lair:2-4

Altars:
Ashenzari
Cheibriados
Dithmenos
Elyvilon
Fedhas
Gozag
Hepliaklqana
Kikubaaqudgha
Makhleb
Nemelex Xobeh
Okawaru
Qazlal
Ru
Sif Muna
Trog
Uskayaw
Vehumet
Wu Jian
Xom
Yredelemnul
Zin
The Shining One

Shops:
D:1 =   D:2 *   D:9 ?   D:10 [

Annotations:
D:4 exclusion: downstairs


Innate Abilities, Weirdness & Mutations

Your life essence is reduced to manifest your ancestor. (-10% HP)
You have very sharp teeth.
Your uncanny sense of smell can sniff out nearby items.
Your experience applies equally to all skills.


Message History

Hori avoids your attack.
The searing ray hits the red draconian!
The red draconian is heavily wounded.
The red draconian breathes fire at you.
The searing blast hits Hori!
Hori resists.
The searing blast hits you. You resist.
* * * LOW HITPOINT WARNING * * *
Hori hits the red draconian with a +0 flail!
Your lightning spire shoots out a bolt of lightning at the red draconian!
The bolt of electricity hits the red draconian!
Hori avoids your attack.
The searing ray hits the red draconian but does no damage.
The red draconian is severely wounded.
You finish channelling your searing ray.
You are engulfed in blazing flames.
You resist.
* * * LOW HITPOINT WARNING * * *
The red draconian hits Hori with a +1 halberd of flaming!
The red draconian burns Hori.
Hori closely misses the red draconian.
Casting: Searing Ray (safe; 1% risk of failure)
Confirm with . or Enter, or press ? or * to list all spells.
Aiming: Searing Ray (safe; 1% risk of failure)
Press: ? - help, Shift-Dir - straight line, f/p - red draconian
Aim: a red draconian, wielding a +1 halberd of flaming and wearing a +0 cloak (severely wounded, ally target, 81% to hit)
Hori avoids your attack.
The searing ray hits the red draconian but does no damage.
The red draconian is severely wounded. (Press . to maintain the ray.)
You are engulfed in blazing flames.
You resist.
* * * LOW HITPOINT WARNING * * *
The red draconian barely misses Hori.
Hori hits the red draconian with a +0 flail!
Hori avoids your attack.
The searing ray misses the red draconian.
You are engulfed in blazing flames.
You resist.
* * * LOW HITPOINT WARNING * * *
The red draconian breathes fire at Hori.
The searing blast hits Hori.
Hori resists.
The searing blast hits you! You resist.
You die...

≈≈§≈§≈≈°≈≈≈°≈≈§≈§≈≈§ §§§§
≈§§§≈§≈°≈§°°≈≈≈§§§§≈ ≈§§≈
§≈≈§≈§≈.≈≈ §§ §≈≈≈≈§. ≈≈≈≈≈≈≈.
############ ≈§≈§≈≈..#
+....8d)...# ≈§≈≈≈≈§.# #.8_8R#.d∩
§≈≈≈≈≈§.# #.....# ≈≈≈§§≈..###
###@### ≈≈≈≈≈≈≈.#.. #.# .≈≈≈§§..#
#.# ≈..≈≈≈§.# ∆∆∆ #.# ∆∆∆
≈≈≈..≈..# ∆∆∆ #.# ∆∆∆ §≈≈≈≈...#
∆∆ #.# ∆∆ ≈ §≈≈≈§≈..# #.# ≈≈
≈§§≈≈≈≈.########)####### §≈§≈
≈≈≈≈§≈......8).)§.........≈§≈§≈§§


You could see the friendly Hori the knight, a red draconian (catching breath,
ally target) and a friendly lightning spire (summoned).

Vanquished Creatures
  2 hydras (Lair:1)
  A two-headed ogre (D:8)
  A catoblepas (Lair:3)
  5 death yaks
  A salamander mystic (Volcano)
  Pikel (D:9)
  2 salamanders (Volcano)
  7 elephants
  3 black mambas (Lair:2)
  2 cane toads (Lair:1)
  Maggie (D:8)
  3 komodo dragons
  2 polar bears
  2 blink frogs (Lair:1)
  4 wyverns
  A shadow (D:10)
  18 yaks
  A fire bat (Volcano)
  2 basilisks
  A steam dragon (D:8)
  3 vampire mosquitoes (D:10)
  A warg (D:10)
  An acid dragon (D:6)
  16 water moccasins
  3 black bears
  Pargi (Sewer)
  A hornet zombie (D:8)
  2 orc warriors
  6 wolves
  An ogre (D:5)
  3 boggarts (Lair:4)
  A centaur (D:7)
  A lemure (D:9)
  2 phantoms
  3 kobold brigands
  5 bullfrogs
  A gnoll sergeant (D:9)
  5 scorpions
  A wyvern zombie (D:7)
  A water moccasin zombie (D:6)
  2 water moccasin skeletons
  8 killer bees
  4 wights (D:5)
  9 howler monkeys
  An electric eel (D:8)
  A centaur zombie (D:5)
  4 lava snakes (Volcano)
  3 orc priests
  A gnoll shaman (D:6)
  2 bullfrog skeletons
  4 hounds
  3 iguanas
  2 orc wizards
  A killer bee zombie (D:9)
  A hound skeleton (D:4)
  A howler monkey skeleton (D:7)
  A howler monkey zombie (D:7)
  8 gnolls
  12 adders
  A shadow imp (D:5)
  5 white imps
  An ufetubus (D:4)
  An adder skeleton (D:5)
  3 worms
  A dart slug (D:2)
  29 orcs
  7 ball pythons
  13 bats
  7 endoplasms
  4 giant cockroaches
  7 goblins
  10 hobgoblins
  10 jackals
  3 quokkas
  6 frilled lizards
  21 kobolds
  4 rats
319 creatures vanquished.

Vanquished Creatures (collateral kills)
  Fannar (Lair:3)
  A hydra (D:8)
  A boulder beetle (Lair:4)
  8 elephants
  A salamander (Volcano)
  4 cane toads
  A black mamba (Lair:2)
  A torpor snail (Lair:3)
  2 komodo dragons
  A polar bear (Lair:3)
  2 blink frogs (Lair:1)
  A wyvern (Lair:4)
  6 yaks
  6 water moccasins
  6 wolves
  A boggart (Lair:4)
  A centaur (D:10)
  A bullfrog (Lair:2)
  A killer bee (D:9)
  2 lava snakes (Volcano)
  2 orc wizards (D:8)
  An adder (D:9)
  A gnoll (D:9)
  An orc (D:8)
  2 bats (D:9)
  A kobold (D:9)
  7 foxfires
63 creatures vanquished.

Vanquished Creatures (others)
  A knight (Lair:4)
  13 ancestors
  1392 foxfires
  28 fungi
  10 plants
1444 creatures vanquished.

Grand Total: 1826 creatures vanquished

Notes
Turn   | Place    | Note
-------+----------+-------------------------------------------
     0 | D:1      | LustLizard the Gnoll Wanderer began the quest for the Orb.
     0 | D:1      | LustLizard set off with the following items: a +0 long
                  | sword, a +0 buckler, a +0 robe; and the following spell
                  | memorised: Foxfire; and the following spells available to
                  | memorise: Dazzling Flash
     0 | D:1      | Reached XP level 1. HP: 13/13 MP: 4/4
   260 | D:1      | Reached XP level 2. HP: 19/19 MP: 2/5
   755 | D:1      | Reached XP level 3. HP: 23/25 MP: 4/7
   894 | D:1      | Found Susuxeg's Jewellery Shop.
  1246 | D:2      | Found Butesiaj's Assorted Antiques.
  1424 | D:2      | Reached skill level 1 in Invocations
  1610 | D:2      | Reached skill level 1 in Fighting
  1610 | D:2      | Reached skill level 1 in Short Blades
  1610 | D:2      | Reached skill level 1 in Axes
  1610 | D:2      | Reached skill level 1 in Maces & Flails
  1610 | D:2      | Reached skill level 1 in Polearms
  1610 | D:2      | Reached skill level 1 in Staves
  1610 | D:2      | Reached skill level 1 in Slings
  1610 | D:2      | Reached skill level 1 in Bows
  1610 | D:2      | Reached skill level 1 in Crossbows
  1610 | D:2      | Reached skill level 1 in Throwing
  1610 | D:2      | Reached skill level 1 in Armour
  1610 | D:2      | Reached skill level 1 in Dodging
  1610 | D:2      | Reached skill level 1 in Stealth
  1610 | D:2      | Reached skill level 1 in Unarmed Combat
  1638 | D:2      | Reached XP level 4. HP: 27/32 MP: 0/8
  2109 | D:2      | Bought a sapphire potion for 23 gold pieces
  2109 | D:2      | Bought a puce potion for 23 gold pieces
  2109 | D:2      | Bought a murky pink potion for 23 gold pieces
  2467 | D:3      | Noticed a phantom
  2714 | D:3      | Found a sparkling altar of Nemelex Xobeh.
  2786 | D:3      | Reached skill level 1 in Hexes
  2786 | D:3      | Reached skill level 1 in Summonings
  2786 | D:3      | Reached skill level 1 in Necromancy
  2786 | D:3      | Reached skill level 1 in Translocations
  2786 | D:3      | Reached skill level 1 in Transmutations
  2786 | D:3      | Reached skill level 1 in Fire Magic
  2786 | D:3      | Reached skill level 1 in Ice Magic
  2786 | D:3      | Reached skill level 1 in Air Magic
  2786 | D:3      | Reached skill level 1 in Earth Magic
  2786 | D:3      | Reached skill level 1 in Poison Magic
  3437 | D:3      | Found a blossoming altar of Fedhas.
  3510 | D:3      | Found a sacrificial altar of Ru.
  4150 | D:3      | Found a broken altar of Ashenzari.
  4216 | D:3      | Reached XP level 5. HP: 29/37 MP: 1/9
  4392 | D:2      | Killed a phantom
  4490 | D:2      | Bought a scroll labelled ROBREF TUUSHRAR for 26 gold pieces
  4490 | D:2      | Bought a scroll labelled MEIFUJUSME for 26 gold pieces
  4490 | D:2      | Bought a scroll labelled WIL JAACEG for 26 gold pieces
  5227 | D:3      | You fall into a shaft and drop 3 floors!
  5282 | D:5      | Entered Level 5 of the Dungeon
  5355 | D:4      | Found a glowing drain.
  5425 | Sewer    | Entered a sewer
  5449 | Sewer    | Reached XP level 6. HP: 44/44 MP: 6/10
  5602 | Sewer    | Noticed Pargi
  5611 | Sewer    | Killed Pargi
  5612 | Sewer    | Reached skill level 5 in Evocations
  6048 | D:4      | Identified the +6 short sword of Death {pain, Drain rPois
                  | Will+ Dex+4}
  6114 | D:4      | Noticed a black bear
  6182 | D:4      | Killed a black bear
  6183 | D:4      | Reached XP level 7. HP: 50/50 MP: 0/12
  6850 | D:5      | Noticed a two-headed ogre
  7524 | D:5      | Reached XP level 8. HP: 53/57 MP: 14/14
  9514 | D:6      | Noticed a yak
  9674 | D:6      | Found a shimmering altar of Xom.
  9838 | D:6      | Learned a level 3 spell: Dazzling Flash
  9931 | D:7      | Noticed a wyvern
 10035 | D:7      | Reached XP level 9. HP: 60/65 MP: 16/16
 10103 | D:7      | Found a staircase to the Ecumenical Temple.
 10424 | D:7      | Reached skill level 5 in Spellcasting
 10435 | Temple   | Entered the Ecumenical Temple
 10642 | Temple   | Became a worshipper of Hepliaklqana the Forgotten
 10807 | D:7      | Learned a level 2 spell: Searing Ray
 11658 | D:6      | Reached skill level 5 in Invocations
 11741 | D:6      | Learned a level 2 spell: Blink
 12178 | D:8      | Noticed Maggie
 12202 | D:8      | Killed Maggie
 12443 | D:8      | Reached * piety under Hepliaklqana
 12556 | D:8      | Noticed a four-headed hydra
 12565 | D:8      | Killed a four-headed hydra
 12566 | D:8      | Reached skill level 5 in Fighting
 12566 | D:8      | Reached skill level 5 in Short Blades
 12566 | D:8      | Reached skill level 5 in Axes
 12566 | D:8      | Reached skill level 5 in Maces & Flails
 12566 | D:8      | Reached skill level 5 in Polearms
 12566 | D:8      | Reached skill level 5 in Staves
 12566 | D:8      | Reached skill level 5 in Slings
 12566 | D:8      | Reached skill level 5 in Bows
 12566 | D:8      | Reached skill level 5 in Crossbows
 12566 | D:8      | Reached skill level 5 in Throwing
 12566 | D:8      | Reached skill level 5 in Armour
 12566 | D:8      | Reached skill level 5 in Dodging
 12566 | D:8      | Reached skill level 5 in Stealth
 12566 | D:8      | Reached skill level 5 in Unarmed Combat
 12566 | D:8      | Reached XP level 10. HP: 60/66 MP: 9/18
 12665 | D:8      | Noticed a two-headed ogre
 13514 | D:8      | Killed a two-headed ogre
 13986 | D:9      | Noticed a death yak
 14013 | D:9      | Noticed Pikel
 14033 | D:9      | Killed Pikel
 14034 | D:9      | Reached skill level 5 in Conjurations
 14128 | D:9      | Noticed a death yak
 14132 | D:9      | Noticed a death yak
 14739 | D:9      | Found Dytzyrpho's Magic Scroll Emporium.
 14742 | D:9      | Found a staircase to the Lair.
 14751 | D:9      | Bought a scroll of identify for 26 gold pieces
 14751 | D:9      | Bought a scroll of blinking for 97 gold pieces
 15055 | D:10     | Entered Level 10 of the Dungeon
 15269 | D:10     | Reached XP level 11. HP: 52/72 MP: 2/20
 15696 | D:10     | Found Goraf's Armour Boutique.
 15803 | D:9      | Killed a death yak
 15804 | D:9      | Reached skill level 5 in Hexes
 15804 | D:9      | Reached skill level 5 in Summonings
 15804 | D:9      | Reached skill level 5 in Necromancy
 15804 | D:9      | Reached skill level 5 in Translocations
 15804 | D:9      | Reached skill level 5 in Transmutations
 15804 | D:9      | Reached skill level 5 in Fire Magic
 15804 | D:9      | Reached skill level 5 in Ice Magic
 15804 | D:9      | Reached skill level 5 in Air Magic
 15804 | D:9      | Reached skill level 5 in Earth Magic
 15804 | D:9      | Reached skill level 5 in Poison Magic
 16032 | D:10     | Found a staircase to the Orcish Mines.
 16669 | D:10     | Found a glowing golden altar of the Shining One.
 16894 | Lair:1   | Entered Level 1 of the Lair of Beasts
 16905 | Lair:1   | Learned a level 3 spell: Frozen Ramparts
 16931 | Lair:1   | Reached ** piety under Hepliaklqana
 16931 | Lair:1   | Noticed a six-headed hydra
 16940 | Lair:1   | Killed a six-headed hydra
 16943 | Lair:1   | Noticed a five-headed hydra
 16952 | Lair:1   | Killed a five-headed hydra
 17739 | D:8      | Killed a death yak
 18205 | D:9      | Killed a death yak
 18207 | D:9      | Reached XP level 12. HP: 35/80 MP: 18/23
 18402 | D:9      | Remembered your ancestor Hori as a knight
 19103 | Lair:1   | You fall into a shaft and drop 1 floor!
 19208 | Lair:1   | Identified the +1 chain mail "Gaosein" {rElec rN++ Int-5}
 20270 | Lair:2   | Learned a level 4 spell: Summon Lightning Spire
 20449 | Lair:2   | Reached skill level 10 in Long Blades
 20449 | Lair:2   | Reached skill level 10 in Shields
 20503 | Lair:2   | Found a staircase to the Snake Pit.
 20620 | Lair:2   | Identified the +2 hat of Intuition {Int+5}
 21120 | Lair:3   | Noticed a catoblepas
 21137 | Lair:3   | Killed a catoblepas
 21315 | Lair:3   | Noticed a death yak
 21320 | Lair:3   | Noticed a death yak
 21325 | Lair:3   | Killed a death yak
 21331 | Lair:3   | Killed a death yak
 21332 | Lair:3   | Reached XP level 13. HP: 35/88 MP: 12/25
 22112 | Lair:3   | Noticed Fannar
 22120 | Lair:3   | Killed Fannar
 22389 | Lair:3   | Reached *** piety under Hepliaklqana
 23245 | Lair:4   | Found a dark tunnel.
 23250 | Volcano  | Entered a volcano
 23737 | Volcano  | Found a radiant altar of Vehumet.
 23781 | Volcano  | Noticed a red draconian
 23852 | Volcano  | Killed from afar by a red draconian

Illustrated notes

Levels and vault maps discovered:
D:1:      amcnicky_arrival_abandoned_market, layout_basic, serial_shops,
          shop_statue, minmay_misc_feat_rugged, minmay_pentomino_o4
D:2:      layout_basic, serial_shops, nicolae_shop_waterfront
D:3:      layout_basic, mainiacjoe_overflow_boulevard, nemelex_altar_shiori,
          fedhas_ov_isle_minmay, nicolae_ru_the_path_less_chosen, moated_statue,
          grunt_decor_resistance
D:4:      layout_basic, cheibrodos_sewer_entry_sluice
D:5:      minmay_chambers_of_threes, layout_loops_ring
D:6:      minmay_chambers_of_sixes, layout_basic, lemuel_coloured_pillars_altar
D:7:      layout_basic, minmay_temple_entry_large_hall
D:8:      cheibrodos_helix_gallery, layout_basic, nicolae_wwwww, uniq_maggie
D:9:      old_forge, layout_rooms, dpeg_lair_monsters, serial_shops, shop,
          uniq_pikel
D:10:     layout_basic, tso_oasis_becter, david_orc_3, serial_shops,
          nicolae_shop_statue_plus
Temple:   eino_temple_scatter_basement
Lair:1:   layout_regular_city
Lair:2:   layout_loops_ring, minmay_snake_entry_six_corridors, lemuel_fruit_tree
Lair:3:   layout_cave_pods, minivault_25, grunt_megastairs_1, uniq_fannar
Lair:4:   layout_layer_cave, palyth_hydra_swamp_entry, enter_volcano_4,
          kilobyte_rumbling_trees
Volcano:  volcano_lake [vl_original]

Skill      XL: |  1  2  3  4  5  6  7  8  9 10 11 12 13 |
---------------+----------------------------------------+-----
Conjurations   | 2 3 4 5 6 7 |  7.5
Invocations    | 1 2 3 4 5 6 7 8 9 |  9.3
Fighting       | 1 2 3 5 6 7 8 |  8.5
Short Blades   | 1 2 3 5 6 7 8 |  8.5
Axes           | 1 2 3 5 6 7 8 |  8.5
Maces & Flails | 1 2 3 5 6 7 8 |  8.5
Polearms       | 1 2 3 5 6 7 8 |  8.5
Staves         | 1 2 3 5 6 7 8 |  8.5
Slings         | 1 2 3 5 6 7 8 |  8.5
Bows           | 1 2 3 5 6 7 8 |  8.5
Crossbows      | 1 2 3 5 6 7 8 |  8.5
Throwing       | 1 2 3 5 6 7 8 |  8.5
Armour         | 1 2 3 5 6 7 8 |  8.5
Dodging        | 1 2 3 5 6 7 8 |  8.5
Stealth        | 1 2 3 5 6 7 8 |  8.5
Unarmed Combat | 1 2 3 5 6 7 8 |  8.5
Spellcasting   | 3 4 5 6 7 8 9 |  9.0
Hexes          | 1 2 3 4 5 6 7 |  7.1
Summonings     | 1 2 3 4 5 6 7 |  7.1
Necromancy     | 1 2 3 4 5 6 7 |  7.1
Translocations | 1 2 3 4 5 6 7 |  7.1
Transmutations | 1 2 3 4 5 6 7 |  7.1
Fire Magic     | 1 2 3 4 5 6 7 |  7.1
Ice Magic      | 1 2 3 4 5 6 7 |  7.1
Air Magic      | 1 2 3 4 5 6 7 |  7.1
Earth Magic    | 1 2 3 4 5 6 7 |  7.1
Poison Magic   | 1 2 3 4 5 6 7 |  7.1
Evocations     | 5 6 7 8 9 |  9.7
Long Blades    | 7 8 9 10 | 10.8
Shields        | 7 8 9 10 | 10.8

Action                   |  1- 3 |  4- 6 |  7- 9 | 10-12 | 13-15 || total
-------------------------+-------+-------+-------+-------+-------++-------
Melee: Long sword        |    74 |    44 |       |       |       ||   118
       Bite              |     7 |     5 |    32 |    50 |    23 ||   117
       Short sword       |       |     5 |   173 |   335 |   134 ||   647
Throw: Dart              |       |       |       |       |     6 ||     6
 Cast: Foxfire           |    40 |   123 |   285 |   288 |    81 ||   817
       Blink             |       |       |       |    11 |       ||    11
       Searing Ray       |       |       |       |     6 |     3 ||     9
       Frozen Ramparts   |       |       |       |    16 |     3 ||    19
       Summon Lightning  |       |       |       |     5 |    14 ||    19
       Dazzling Flash    |       |       |       |     1 |       ||     1
Invok: Recall Ancestor   |       |       |       |     3 |     1 ||     4
       Ancestor Life: Kn |       |       |       |     1 |       ||     1
  Use: Scroll            |       |     7 |     5 |    16 |       ||    28
       Potion            |       |       |       |     4 |       ||     4
 Stab: Sleeping          |     4 |     1 |     1 |     1 |     3 ||    10
       Distracted        |       |       |       |     3 |     2 ||     5
Armor: Robe              |    13 |     6 |       |       |       ||    19
       Troll leather arm |       |     4 |    41 |       |       ||    45
       Acid dragon scale |       |       |     3 |       |       ||     3
       Swamp dragon scal |       |       |     2 |   115 |    56 ||   173
Dodge: Dodged            |    23 |    51 |   130 |   225 |    85 ||   514
Block: Buckler           |    21 |    24 |    83 |   173 |    72 ||   373
